 Dungeon Crawl Stone Soup version 0.29-a0-824-gd827844252 (webtiles) character file.

Game seed: 3839294544184449142

22 buhh the Insei (level 2, -4/18 HPs)
             Began as an Octopode Transmuter on July 11, 2022.
             Slain by a worm (11 damage)
             ... on level 2 of the Dungeon.
             The game lasted 00:00:44 (1699 turns).

buhh the Insei (Octopode Transmuter)                Turns: 1699, Time: 00:00:44

Health: -4/18      AC:  1    Str:  9    XL:     2   Next: 91%
Magic:  4/5        EV: 13    Int: 15    God:
Gold:   89         SH:  0    Dex: 12    Spells: 4/5 levels left

rFire   . . .      SeeInvis +     - Unarmed
rCold   . . .      Faith    .   (no shield)
rNeg    . . .      Spirit   .   (helmet currently unavailable)
rPois   .          Reflect  .   (no amulet)
rElec   .          Harm     .   c - ring of see invisible
rCorr   .          Rampage  .   (no ring)
Will    .....                   (no ring)
Stlth   +++.......              (no ring)
HPRegen 0.06/turn               (no ring)
MPRegen 0.09/turn               (no ring)
                                (no ring)
                                (no ring)

@: appendages (expiring)
A: tentacle spike 3, almost no armour, amphibious, 8 rings, camouflage 1,
gelatinous body 1, (nimble swimmer 1), tentacles
a: End Transformation


You were on level 2 of the Dungeon.
One of your tentacles had grown a beastly spike.
You visited 1 branch of the dungeon, and saw 2 of its levels.

You collected 89 gold pieces.

Inventory:

Missiles
 g - 3 poisoned darts
Jewellery
 c - a ring of see invisible (left tentacle)
Wands
 E - a wand of flame (7)
Scrolls
 a - a scroll of amnesia {unknown}
 d - a scroll of enchant armour {unknown}
Potions
 b - a potion of degeneration {unknown}
 e - a potion of might {unknown}
 f - a potion of heal wounds {unknown}
 n - a potion of lignification {!d}


   Skills:
 + Level 1.3 Fighting
 + Level 2.2 Dodging
 - Level 2.0 Stealth
 + Level 3.2 Unarmed Combat
 - Level 2.0 Spellcasting
 - Level 2.0 Transmutations
 - Level 1.0 Poison Magic


You had 4 spell levels left.
You knew the following spells:

 Your Spells              Type           Power      Damage    Failure   Level
a - Beastly Appendage     Tmut           14%        N/A       10%         1

Your spell library contained the following spells:

 Spells                   Type           Power      Damage    Failure   Level
 Wereblood                Tmut           7%         N/A       14%         2
 Spider Form              Tmut/Pois      6%         N/A       34%         3
 Ice Form                 Ice/Tmut       4%         N/A       82%         4


Dungeon Overview and Level Annotations

Branches:
Dungeon (2/15) Zot: 10302

Altars:


Innate Abilities, Weirdness & Mutations

One of your tentacles has grown a beastly spike.
You cannot wear most types of armour.
You are amphibious.
You can wear up to eight rings at the same time.
Your skin changes colour to match your surroundings (Stealth+).
Your rubbery body absorbs attacks. (AC +1, EV +1)
((You are camouflaged when in or above water. (Stealth+)))
You have tentacles for arms and can constrict up to eight enemies at once.


Message History

You now have 76 gold pieces (gained 4).
A goblin comes into view. It is wielding a +0 club.
A goblin is nearby!
A goblin is nearby!
A goblin is nearby!
A goblin is nearby!
You miscast Beastly Appendage.
You are very lightly contaminated with residual magic.
Nothing appears to happen.
Found a stone staircase leading down.
The helpless goblin fails to defend itself.
You tentacle-slap the goblin. You grab the goblin.
The goblin is moderately wounded.
You constrict the goblin, but do no damage.
The goblin completely misses you.
You tentacle-slap the goblin. You squeeze the goblin.
You kill the goblin!
No target in view!
c - a ring of see invisible (left tentacle)
Your magical contamination has completely faded away.
g - 3 poisoned darts
Things that are here:
a +0 club; a goblin corpse You now have 89 gold pieces (gained 13).
E - a wand of flame (7)
A worm is nearby!
A worm is nearby!
One of your tentacles grows a vicious spike.
Your transformation is almost over.
There is an open door here.
The worm bites you!
Ouch! That really hurt!
You tentacle-slap the worm. Your grab misses the worm.
You pierce the worm.
The worm is heavily wounded.
You tentacle-slap the worm but do no damage.
You grab the worm. You squeeze the worm.
The worm is severely wounded.
You constrict the worm. The worm bites you!
Ouch! That really hurt!
You die...

#### ######...# ..# #........# #.
#.#####.#####..# ...#
#.#.#######.#.........#..#
...#.#.#.............#.###.#..#
.....#.##......#.#.#.#.###.#..#
.................'.#.#.#.....#..#
......#.##......###.#.##...##..#
....^..w#.....@..#.#......'...#
..#.#.......w...#.####...###.#
#.#.##.#......###.####...###.#
#.#.#..#.##.......#....†..##.#
####.....†#.##.#######.......##.#
#.<..........#.# #.......##..
#.####.#######+# ############ #.
#... #. #####


You could see a worm.

Vanquished Creatures
  2 ball pythons
  4 bats
  An endoplasm (D:1)
  3 goblins
  2 hobgoblins
  4 quokkas
  3 rats
19 creatures vanquished.

Notes
Turn   | Place    | Note
-------+----------+-------------------------------------------
     0 | D:1      | buhh the Octopode Transmuter began the quest for the Orb.
     0 | D:1      | Reached XP level 1. HP: 13/13 MP: 3/3
    46 | D:1      | Found a faded altar of an unknown god.
   351 | D:1      | Reached skill level 1 in Stealth
   359 | D:1      | Reached XP level 2. HP: 11/18 MP: 3/5
   626 | D:1      | Reached skill level 1 in Poison Magic
  1699 | D:2      | Slain by a worm

Illustrated notes

Levels and vault maps discovered:
D:1:      ncdulo_smallfort, layout_basic, chequers_ecumenical_altar_simple,
          serial_bayou_lagoon_a
D:2:      layout_basic, basic_altar

Skill      XL: |  1  2 |
---------------+-------+-----
Stealth        | 1 2 |  2.0
Poison Magic   | 1 |  1.0
Fighting       | |  1.3
Dodging        | |  2.2
Unarmed Combat | |  3.2
Spellcasting   | |  2.0
Transmutations | |  2.0

Action                   || total
-------------------------++-------
Melee: Unarmed           ||    37
       Tentacles         ||    10
       Constrict         ||    12
       Kick              ||     7
 Cast: Beastly Appendage ||    14
 Stab: Sleeping          ||     5
Dodge: Dodged            ||    17

Table legend: (Time is in decaauts)
 A = Elapsed time spent in this place.
 B = Non-inter-level travel time spent in this place.
 C = Inter-level travel time spent in this place.
 D = Time resting spent in this place.
 E = Time spent auto-exploring this place.
 F = Levels seen in this place.
 G = Mean time per level.
                   A        B        C        D        E       F      G
               +--------+--------+--------+--------+--------+-----+--------+
         Total |   1696 |   1638 |     58 |      0 |   1498 |   2 |  848.0 |
       Dungeon |   1696 |   1638 |     58 |      0 |   1498 |   2 |  848.0 |
               +--------+--------+--------+--------+--------+-----+--------+

Top non-repeatable levels by time:
     D:1: 1041 daAuts
     D:2: 655 daAuts
